 Dungeon Crawl Stone Soup version 0.20.0-15-g7f486f2 (webtiles) character file.

4190 Monsterracer the Grappler (level 10, -1/84 HPs)
             Began as a Yellow Draconian Transmuter on June 10, 2017.
             Was a Believer of Okawaru.
             Slain by Gastronok (17 damage)
             ... on level 8 of the Dungeon.
             The game lasted 00:24:24 (11463 turns).

Monsterracer the Grappler (DrTm)                   Turns: 11463, Time: 00:24:25

Health: -1/84      AC:  7    Str: 13    XL:     10   Next: 8%
Magic:  0/13       EV: 18    Int: 17    God:    Okawaru [**....]
Gold:   192        SH:  0    Dex: 11    Spells: 0/13 levels left

rFire    . . .     SeeInvis +     - Unarmed
rCold    + . .     Gourm    .   (shield currently unavailable)
rNeg     . . .     Faith    .   (armour unavailable)
rPois    .         Spirit   +   (helmet restricted)
rElec    .         Reflect  .   (no cloak)
rCorr    +         Harm     .   (gloves currently unavailable)
MR       .....                  (no boots)
Stlth    +.........             e - amulet of guardian spirit
Regen    0.3/turn               d - +4 ring of evasion
MPRegen  0.2/turn               w - ring of protection from cold

@: blade hands, drained
A: spit acid, acid resistance, unfitting armour, stinger 1, see invisible, no
potion heal 1, cold-blooded, AC +7
a: Breathe Acid, End Transformation, Heroism, Renounce Religion


You were on level 8 of the Dungeon.
You worshipped Okawaru.
Okawaru was pleased with you.
You were near starving.
You had blades for hands.
You visited 2 branches of the dungeon, and saw 9 of its levels.

You collected 542 gold pieces.
You spent 350 gold pieces at shops.

Inventory:

Armour
 b - a +0 shield
Jewellery
 d - a +4 ring of evasion (left scythe-like blade)
 e - an amulet of guardian spirit (around neck)
 t - an uncursed ring of see invisible
 w - a ring of protection from cold (right scythe-like blade)
Wands
 a - a wand of scattershot (1/9)
 k - a wand of digging (16/24)
 r - a wand of acid (7/15)
 y - a wand of iceblast (8/15)
Scrolls
 f - 8 scrolls of identify
 h - 6 scrolls of remove curse
 n - a scroll of recharging
 o - 4 scrolls of teleportation
 x - 2 scrolls of immolation
Potions
 g - a potion of cancellation
 j - a potion of heal wounds
 l - 2 potions of mutation
 m - 2 potions of magic
 q - a potion of curing
 u - 2 potions of might
 v - a potion of haste
 z - a potion of invisibility
Comestibles
 c - 6 bread rations
 i - 3 meat rations
 p - 5 fruits
 s - 2 royal jellies


   Skills:
 + Level 6.6(6.2) Fighting
 + Level 5.6(5.3) Dodging
 * Level 10.2(9.8) Unarmed Combat
 - Level 2.0(1.7) Spellcasting
 + Level 6.3(5.9) Transmutations
 + Level 3.5(3.2) Invocations


You couldn't memorise any spells.
You knew the following spells:

 Your Spells              Type           Power        Failure   Level  Hunger
a - Beastly Appendage     Tmut           ###...       19%         1    ##.....
b - Spider Form           Tmut/Pois      ##........   58%         3    ####...
c - Blade Hands           Tmut           ###.......   83%         5    ######.
d - Ice Form              Ice/Tmut       ##......     87%         4    #####..


Dungeon Overview and Level Annotations

Branches:
Dungeon (8/15)             Temple (1/1) D:5
   Lair: D:8-11

Altars:
Ashenzari
Cheibriados
Dithmenos
Elyvilon
Fedhas
Gozag
Hepliaklqana
Kikubaaqudgha
Makhleb
Nemelex Xobeh
Okawaru
Qazlal
Ru
Sif Muna
Trog
Uskayaw
Vehumet
Xom
Yredelemnul
Zin
The Shining One

Shops:
D:6 =

Annotations:
D:8 Gastronok


Innate Abilities, Weirdness & Mutations

You can spit globs of acid.
You are resistant to acid.
Your golden yellow scales are hard. (AC +7)
You cannot fit into any form of body armour.
You are cold-blooded and may be slowed by cold attacks.
Your tail ends in a poisonous barb.
You have supernaturally acute eyesight. (SInv)
Potions are less effective at restoring your health.


Message History

The air twists around and strikes you!
* * * LOW MAGIC WARNING * * *;
* * * LOW HITPOINT WARNING * * *
You shred Gastronok!!!
Gastronok is moderately wounded.
You feel like a meek peon again.
You hit Gastronok. You slash Gastronok!
Gastronok is heavily wounded.
You slice Gastronok!!
Gastronok is severely wounded.
Gastronok bites you.
* * * LOW MAGIC WARNING * * *;
* * * LOW HITPOINT WARNING * * *
You slash Gastronok!
Gastronok is severely wounded.
You slash Gastronok!
Gastronok is severely wounded.
You slash Gastronok!
Gastronok is almost dead.
Gastronok bites you!!
* * * LOW MAGIC WARNING * * *
You die...

. .. .### .#. .#
...# $..## ..#
#..##...##..# ..
#..#.#....
..##.......# .
.......w...# ...
.......@...#....
.......†...#....
......†.....$$..
..$....$...#....
.....(.......#.
#####...........
#......##..#
#......# .##
###...###.#


You could see Gastronok.

Vanquished Creatures
  The ghost of Gorglomux the Cleaver, a novice DDFi of Makhleb (D:7)
  Joseph (D:7)
  A troll (D:8)
  The ghost of Inarius the Gusty, an amateur DrAE of Hepliaklqana (D:4)
  Sigmund (D:5)
  A phantom (D:2)
  3 sky beasts
  2 centaurs
  6 ogres
  4 bullfrogs
  A killer bee (D:8)
  4 wights (D:8)
  3 crimson imps
  A quasit (D:5)
  4 hounds
  2 jellies
  A bullfrog skeleton (D:8)
  10 orc priests
  12 orc wizards
  An iguana (D:7)
  Terence (D:2)
  2 worker ants (D:7)
  A hound zombie (D:5)
  A hound skeleton (D:5)
  Robin (D:2)
  2 howler monkey skeletons
  6 adders
  4 oozes
  An adder skeleton (D:5)
  5 worms
  5 dart slugs
  6 leopard geckos
  37 orcs
  6 bats
  10 giant cockroaches
  15 goblins
  12 hobgoblins
  2 jackals (D:1)
  6 quokkas
  A ball python (D:6)
  A ball python zombie (D:6)
  6 frilled lizards
  A jackal skeleton (D:5)
  5 kobolds
  A leopard gecko zombie (D:7)
  5 rats
203 creatures vanquished.

Vanquished Creatures (collateral kills)
  A kobold (D:3)
1 creature vanquished.

Grand Total: 204 creatures vanquished

Notes
Turn   | Place    | Note
-------+----------+-------------------------------------------
     0 | D:1      | Monsterracer the Draconian Transmuter began the quest for the Orb.
     0 | D:1      | Reached XP level 1. HP: 16/16 MP: 3/3
   580 | D:1      | Reached XP level 2. HP: 21/23 MP: 3/5
   590 | D:1      | Learned a level 2 spell: Sticks to Snakes
   798 | D:1      | Reached skill level 4 in Unarmed Combat
   918 | D:1      | Gained mutation: You have supernaturally acute eyesight. (SInv) [potion of mutation]
   918 | D:1      | Gained mutation: Your tail ends in a poisonous barb. [potion of mutation]
  1159 | D:1      | Reached XP level 3. HP: 26/28 MP: 6/6
  1164 | D:1      | Learned a level 3 spell: Spider Form
  1643 | D:2      | Noticed Terence
  1726 | D:2      | Killed Terence
  1726 | D:2      | Reached XP level 4. HP: 26/35 MP: 0/7
  1869 | D:2      | Reached skill level 5 in Unarmed Combat
  1954 | D:2      | Noticed Robin
  2217 | D:2      | Killed Robin
  2369 | D:2      | Found a glowing golden altar of the Shining One.
  2373 | D:2      | Noticed a phantom
  2690 | D:2      | Killed a phantom
  2690 | D:2      | Reached skill level 6 in Unarmed Combat
  2690 | D:2      | Reached XP level 5. HP: 8/40 MP: 6/8
  3611 | D:3      | Reached XP level 6. HP: 15/47 MP: 9/9
  3931 | D:3      | Noticed a sky beast
  3947 | D:3      | Killed a sky beast
  4154 | D:3      | Found a faded altar of an unknown god.
  4988 | D:3      | Found a snail-covered altar of Cheibriados.
  5257 | D:4      | Your scales start taking on a golden yellow colour.
  5257 | D:4      | Reached XP level 7. HP: 55/56 MP: 6/10
  5292 | D:4      | Learned a level 4 spell: Ice Form
  5475 | D:4      | Reached skill level 7 in Unarmed Combat
  6137 | D:4      | Noticed Inarius's ghost (amateur DrAE)
  6158 | D:4      | HP: 2/57 [Inarius's ghost/zap (4)]
  6171 | D:5      | Entered Level 5 of the Dungeon
  6402 | D:4      | Killed Inarius's ghost
  6488 | D:4      | Reached XP level 8. HP: 51/66 MP: 11/11
  7152 | D:5      | Reached skill level 8 in Unarmed Combat
  7523 | D:5      | Noticed Sigmund
  7533 | D:5      | Killed Sigmund
  7560 | D:5      | Reached skill level 5 in Transmutations
  7702 | D:5      | Reached skill level 5 in Fighting
  7806 | D:5      | Found a staircase to the Ecumenical Temple.
  7828 | Temple   | Entered the Ecumenical Temple
  7938 | Temple   | Became a worshipper of Warmaster Okawaru
  8291 | D:6      | Reached XP level 9. HP: 22/74 MP: 3/12
  8294 | D:6      | Reached skill level 9 in Unarmed Combat
  8660 | D:6      | Found Hoomnol's Jewellery Shoppe.
  8666 | D:6      | Bought an uncursed ring of protection from cold for 350 gold pieces
  8838 | D:6      | Reached skill level 1 in Invocations
  9250 | D:7      | Noticed Joseph
  9494 | D:7      | Reached skill level 5 in Dodging
  9547 | D:7      | Reached * piety under Okawaru
  9814 | D:7      | Noticed Gorglomux's ghost (novice DDFi)
  9833 | D:7      | Killed Gorglomux's ghost
 10052 | D:7      | Killed Joseph
 10052 | D:7      | Reached ** piety under Okawaru
 10052 | D:7      | Reached skill level 10 in Unarmed Combat
 10883 | D:7      | Gained mutation: Potions are less effective at restoring your health. [mutagenic glow]
 11201 | D:8      | Reached XP level 10. HP: 38/84 MP: 5/13
 11217 | D:8      | Learned a level 5 spell: Blade Hands
 11441 | D:8      | Noticed Gastronok
 11463 | D:8      | Slain by Gastronok

Skill      XL: |  1  2  3  4  5  6  7  8  9 |
---------------+----------------------------+-----
Unarmed Combat | 4 6 7 8 10 | 10.2
Dodging        | 2 3 4 5 |  5.6
Transmutations | 3 4 5 6 |  6.3
Fighting       | 2 3 5 6 |  6.6
Invocations    | 3 |  3.5
Spellcasting   | |  2.0

Action                   |  1- 3 |  4- 6 |  7- 9 | 10-12 || total
-------------------------+-------+-------+-------+-------++-------
Melee: Unarmed           |   108 |   239 |   433 |    33 ||   813
       Tailslap          |    13 |    32 |    28 |     3 ||    76
       Punch             |     3 |     2 |     6 |     3 ||    14
       Kick              |     2 |    13 |     2 |       ||    17
       Headbutt          |       |     3 |    13 |     1 ||    17
 Cast: Beastly Appendage |     3 |    10 |    12 |       ||    25
       Spider Form       |     1 |     3 |    13 |       ||    17
       Sticks to Snakes  |       |     1 |       |       ||     1
       Ice Form          |       |       |     3 |       ||     3
       Blade Hands       |       |       |       |     1 ||     1
Invok: Heroism           |       |       |     3 |     1 ||     4
 Abil: Breathe Acid      |       |       |     6 |       ||     6
  Use: Potion            |     3 |     8 |     5 |       ||    16
       Scroll            |       |       |    13 |       ||    13
 Stab: Sleeping          |     1 |     3 |     1 |       ||     5
  Eat: Chunk             |     3 |    11 |    21 |       ||    35
       Fruit             |       |       |     3 |     1 ||     4
Armor: Skin              |    32 |    63 |    72 |     4 ||   171
Dodge: Dodged            |    73 |   126 |   342 |    21 ||   562
